 Dungeon Crawl Stone Soup version 0.30.0-20-g3615ddf2f0 (webtiles) character file.

Game seed: 5825723642333748093

22504 qw the Cleaver (level 13, -2/82 HPs)
             Began as a Gargoyle Fighter on May 29, 2023.
             Was an Elder of Okawaru.
             Slain by a death yak (12 damage)
             ... on level 4 of the Lair of Beasts.
             The game lasted 00:06:41 (12456 turns).

qw the Cleaver (Gargoyle Fighter)                  Turns: 12456, Time: 00:06:42

Health: -2/82      AC: 41    Str: 25    XL:     13   Next: 0%
Magic:  18/18      EV:  9    Int:  9    God:    Okawaru [****..]
Gold:   680        SH:  6    Dex:  9    Spells: 12/12 levels left

rFire   . . .        Y - +0 broad axe (elec)
rCold   . . .        c - +0 buckler
rNeg    + . .        s - +0 plate armour
rPois   inf          g - +0 helmet
rElec   +            (no cloak)
rCorr   .            i - +0 pair of gloves
SInv    .            j - +2 pair of boots
Will    .....        l - amulet of faith Stlth
                     n - +4 ring of protection
HPRegen 0.33/turn    r - +4 ring of protection
MPRegen 0.16/turn

%: faith
@: heroic
A: sickness immunity, AC +9, negative energy resistance 1, electricity
resistance, torment resistance 1, petrification resistance
a: Renounce Religion, Heroism, Finesse


You were on level 4 of the Lair of Beasts.
You worshipped Okawaru.
Okawaru was greatly pleased with you.
You visited 3 branches of the dungeon, and saw 14 of its levels.
You also visited: Sewer.

You collected 784 gold pieces.
You spent 104 gold pieces at shops.


Innate Abilities, Weirdness & Mutations

You are immune to sickness and miasma.
Your stone body is resilient. (AC +9)
You are immune to poison.
You resist negative energy. (rN+)
You are resistant to electric shocks. (rElec)
You are resistant to unholy torment.
You are immune to petrification.


   Skills:
 - Level 10.1(15.1) Fighting
 + Level 13.9(18.9) Axes
 - Level 2.0(7.0) Throwing
 - Level 10.0(15.0) Armour
 - Level 2.0(7.0) Dodging
 - Level 6.3(11.3) Shields
 + Level 7.7 Invocations


You had 12 spell levels left.
You didn't know any spells.
Your spell library was empty.

Inventory:

Hand Weapons
 o - a +0 morningstar
 Y - a +0 broad axe of electrocution (weapon)
Armour
 c - a +0 buckler (worn)
 g - a +0 helmet (worn)
 i - a +0 pair of gloves (worn)
 j - a +2 pair of boots (worn)
 p - the +4 skin of Zhor {*Englaciate rC+++ SInv}
   (You found it on level 1 of the Lair of Beasts)

   *Englaciate: It radiates cold, occasionally slowing all nearby creatures who
   are not resistant to cold.
   rC:        It renders you almost immune to cold.
   SInv:      It lets you see invisible.
 s - a +0 plate armour (worn)
 t - an orb of mayhem
Jewellery
 a - an amulet of regeneration
 k - a ring of fire
 l - an amulet of faith (around neck)
 n - a +4 ring of protection (left hand)
 r - a +4 ring of protection (right hand)
Scrolls
 b - 2 scrolls of teleportation
 m - 3 scrolls of identify
Potions
 d - 2 potions of might
 e - 2 potions of magic
 f - 2 potions of attraction
 h - 7 potions of curing
 q - 5 potions of heal wounds
 u - a potion of mutation
 v - a potion of ambrosia {unknown}

Dungeon Overview and Level Annotations

Branches:
Dungeon (9/15)             Temple (1/1) D:4            Lair (4/5) D:8
  Swamp (0/4) Lair:2        Snake (0/4) Lair:2        Sewer (visited)
  Slime: Lair:4-5       Orc: D:9-12

Altars:
Ashenzari
Cheibriados
Dithmenos
Elyvilon
Fedhas
Gozag
Kikubaaqudgha
Makhleb
Nemelex Xobeh
Okawaru
Qazlal
Ru
Sif Muna
Trog
Uskayaw
Vehumet
Wu Jian
Xom
Yredelemnul
Zin
The Shining One

Shops:
D:3 :   D:4 (:[(   D:7 (

Annotations:
D:4 4 runed translucent doors, Crazy Yiuf; qw's ghost, amateur GrFi


Message History

You kill the death yak!
Okawaru is honoured by your kill. Okawaru grants you throwing weapons!
Something appears at your feet!
You hit the death yak but do no damage.
Lightning courses through the death yak!
You hit the death yak.
Lightning courses through the death yak!!
You hit the death yak but do no damage.
The death yak gores you but does no damage.
The death yak barely misses you. The death yak gores you!
You slash the death yak!
The death yak is almost dead.
You hit the death yak.
You hit the death yak but do no damage. x2
The death yak gores you but does no damage. x2
The death yak misses you.
You slice the death yak!!
You kill the death yak!
Okawaru accepts your kill.
You hit the death yak. You completely miss the death yak.
You hit the death yak but do no damage.
You have reached level 13!
You slice the death yak!!
The death yak is almost dead.
You slash the death yak! You hit the death yak but do no damage.
Lightning courses through the death yak!
The death yak gores you but does no damage. x3
You barely miss the death yak.
The death yak is almost dead.
You hit the death yak.
Lightning courses through the death yak!
You slash the death yak! You hit the death yak.
The death yak barely misses you. You block the death yak's attack.
The death yak gores you.
The death yak gores you but does no damage.
You hit the death yak but do no damage.
The death yak is almost dead.
You hit the death yak. You slice the death yak!!
Lightning courses through the death yak!!
You slice the death yak!! The death yak gores you! x2
You die...

#.. ...... .. ......
##.# .P...# #P..
###.....# 77 ...##
....P.#.# 7P7##+..##
#........
~~.......####YY......
7......#..+@Y......
77777.....'...#Y.......
7.#.......####%........
7........# #.........
7........## #.........
##........# #.........
###'###### #.........
#...# ###P.#.### ###.##
#####


You could see 4 death yaks.

Vanquished Creatures
  2 death yaks (Lair:4)
  A skyshark (Lair:3)
  Pikel (D:5)
  2 bog bodies (Lair:2)
  3 elephants (Lair:1)
  2 black mambas (Lair:4)
  Joseph (D:8)
  Maggie (D:8)
  2 cane toads
  A torpor snail (Lair:1)
  6 rime drakes
  Psyche (D:8)
  4 komodo dragons
  5 polar bears
  Prince Ribbit (D:5)
  A hornet (D:8)
  5 blink frogs (Lair:3)
  A shadow (D:9)
  20 yaks
  Sigmund (D:3)
  2 basilisks (Lair:1)
  4 wyverns
  A steam dragon (D:8)
  Menkaure (D:6)
  3 swamp worms (Lair:2)
  9 water moccasins
  2 ice beasts (D:7)
  8 black bears
  An ogre (D:5)
  9 wolves
  2 centaurs
  4 lemures (D:5)
  A phantom (D:6)
  Blork the orc (D:5)
  A kobold brigand (D:7)
  A gnoll sergeant (D:8)
  6 scorpions
  10 bullfrogs
  20 wights
  13 killer bees
  An electric eel (Lair:2)
  A howler monkey (D:8)
  A crimson imp (D:5)
  2 gnoll boudas (D:6)
  An orc priest (D:7)
  5 hounds
  A jelly (D:5)
  A sleepcap (D:7)
  Ijyb (D:3)
  6 orc wizards
  11 adders
  18 gnolls
  A white imp (D:7)
  2 worms
  23 orcs
  13 ball pythons
  6 endoplasms
  15 giant cockroaches
  6 goblins
  7 hobgoblins
  3 jackals (D:3)
  18 kobolds
  9 quokkas
  5 bats
  7 frilled lizards
  10 rats
334 creatures vanquished.

Notes
Turn   | Place    | Note
-------+----------+-------------------------------------------
     0 | D:1      | qw the Gargoyle Fighter began the quest for the Orb.
     0 | D:1      | Reached XP level 1. HP: 14/14 MP: 1/1
     0 | D:1      | 0 ||| qw: Version: 0.2-a-102-g2b76a06
     0 | D:1      | 0 ||| qw: Game counter: 436
     0 | D:1      | 0 ||| qw: Always use a shield: true
     0 | D:1      | 0 ||| qw: God list: Okawaru
     0 | D:1      | 0 ||| qw: Allow faded altars: false
     0 | D:1      | 0 ||| qw: Do Orc after D:15 true
     0 | D:1      | 0 ||| qw: Do second Lair branch before Depths: true
     0 | D:1      | 0 ||| qw: Lair rune preference: random
     0 | D:1      | 0 ||| qw: Plans: Normal, Zot:1-4, Slime:5, God:TSO, Crypt,
                  | Tomb, Pan, Hells, Abyss, Win
     0 | D:1      | 0 ||| PLANNING D:1-11
    78 | D:1      | Reached skill level 2 in Axes
   123 | D:1      | Reached XP level 2. HP: 19/19 MP: 2/2
   144 | D:1      | 144 ||| DROPPING +0 club.
   170 | D:1      | 170 ||| Stepping ~*~*~tactically~*~*~ (hiding).
   171 | D:1      | 171 ||| Stepping ~*~*~tactically~*~*~ (hiding).
   172 | D:1      | 172 ||| Stepping ~*~*~tactically~*~*~ (hiding).
   173 | D:1      | 173 ||| Stepping ~*~*~tactically~*~*~ (stealth).
   174 | D:1      | 174 ||| Stepping ~*~*~tactically~*~*~ (hiding).
   248 | D:1      | Reached skill level 3 in Axes
   314 | D:1      | Reached XP level 3. HP: 23/23 MP: 3/3
   383 | D:1      | 383 ||| Stepping ~*~*~tactically~*~*~ (stealth).
   384 | D:1      | 384 ||| Stepping ~*~*~tactically~*~*~ (stealth).
   389 | D:1      | 389 ||| Stepping ~*~*~tactically~*~*~ (hiding).
   392 | D:1      | 392 ||| Stepping ~*~*~tactically~*~*~ (hiding).
   393 | D:1      | 393 ||| Stepping ~*~*~tactically~*~*~ (hiding).
   394 | D:1      | 394 ||| Stepping ~*~*~tactically~*~*~ (hiding).
   396 | D:1      | 396 ||| Stepping ~*~*~tactically~*~*~ (hiding).
  1009 | D:1      | 1009 ||| READING scroll labelled TOEM ZAITZUE.
  1010 | D:1      | 1010 ||| READING scroll labelled XAMURUISSU.
  1512 | D:2      | Reached XP level 4. HP: 28/28 MP: 4/4
  1864 | D:2      | 1864 ||| UPGRADING to +0 chain mail.
  1874 | D:2      | 1874 ||| DROPPING +0 scale mail.
  1875 | D:2      | 1875 ||| READING scroll labelled LEVASIVERU.
  1897 | D:3      | 1897 ||| PLANNING SEWER
  1988 | D:3      | Reached skill level 4 in Axes
  2048 | D:3      | 2048 ||| DROPPING +0 whip.
  2098 | D:3      | Noticed Sigmund
  2099 | D:3      | 2099 ||| Stepping ~*~*~tactically~*~*~ (hiding).
  2106 | D:3      | Killed Sigmund
  2107 | D:3      | Reached skill level 5 in Axes
  2107 | D:3      | Reached XP level 5. HP: 18/32 MP: 5/5
  2107 | D:3      | Reached XP level 6. HP: 21/37 MP: 6/6
  2183 | D:3      | Found Telak's Book Shoppe.
  2212 | D:3      | Found a glowing drain.
  2213 | D:3      | 2213 ||| UPGRADING to +0 helmet.
  2218 | D:3      | 2218 ||| READING scroll labelled JUTHRI ROUKY.
  2227 | Sewer    | Entered a sewer
  2253 | Sewer    | 2253 ||| Stepping ~*~*~tactically~*~*~ (water).
  2497 | Sewer    | Reached skill level 6 in Axes
  2546 | Sewer    | Reached skill level 1 in Dodging
  2568 | Sewer    | 2568 ||| SWAPPING to +0 broad axe.
  2569 | Sewer    | 2569 ||| DROPPING +0 war axe.
  2768 | Sewer    | 2768 ||| UPGRADING to amulet of regeneration.
  2773 | Sewer    | 2773 ||| UPGRADING to +4 ring of protection.
  2793 | D:3      | 2793 ||| PLANNING D:1-11
  2909 | D:3      | Reached XP level 7. HP: 43/43 MP: 7/7
  2959 | D:3      | 2959 ||| Stepping ~*~*~tactically~*~*~ (hiding).
  2960 | D:3      | 2960 ||| Stepping ~*~*~tactically~*~*~ (hiding).
  3225 | D:3      | Noticed Ijyb
  3226 | D:3      | 3226 ||| Stepping ~*~*~tactically~*~*~ (hiding).
  3248 | D:3      | Killed Ijyb
  3388 | D:3      | 3388 ||| READING 2 scrolls labelled DAKHYN BUTREDD.
  3389 | D:3      | 3389 ||| DRINKING 2 blue potions.
  3390 | D:3      | 3390 ||| DRINKING 2 smoky golden potions.
  3391 | D:3      | 3391 ||| DRINKING 3 inky potions.
  3392 | D:3      | 3392 ||| DROPPING potion of degeneration.
  3441 | D:4      | Found a runed translucent door.
  3442 | D:4      | Noticed Crazy Yiuf
  3479 | D:4      | Found a runed translucent gate.
  3480 | D:4      | Found a runed translucent gate.
  3480 | D:4      | Noticed qw's ghost (amateur GrFi)
  3483 | D:4      | Found a runed translucent gate.
  3487 | D:4      | Identified the staff of conjuration "Toixil" {Str+2}
  3640 | D:4      | Found a staircase to the Ecumenical Temple.
  3641 | D:4      | 3641 ||| PLANNING TEMPLE
  3641 | D:4      | 3641 ||| DROPPING amulet of guardian spirit.
  3642 | D:4      | 3642 ||| READING 2 scrolls of identify.
  3642 | D:4      | 3642 ||| IDENTIFYING pink potion
  3643 | D:4      | 3643 ||| DROPPING potion of flight.
  3652 | Temple   | Entered the Ecumenical Temple
  3728 | Temple   | 3728 ||| PLANNING D:1-11
  3791 | D:4      | Found Meiboden's Book Shop.
  3794 | D:4      | Found Lohydash's Antique Weapon Boutique.
  3794 | D:4      | Found Asylod's Weapon Emporium.
  3796 | D:4      | Found Xiufutul's Antique Armour Shoppe.
  3802 | D:4      | 3802 ||| BUYING morningstar (104 gold).
  3802 | D:4      | Bought a morningstar for 104 gold pieces
  3802 | D:4      | 3802 ||| SHOPLISTING runed war axe (169 gold, have 68).
  3802 | D:4      | 3802 ||| DROPPING +0 flail.
  4058 | D:4      | 4058 ||| UPGRADING to +2 pair of boots.
  4063 | D:4      | 4063 ||| UPGRADING to +6 ring of strength.
  4088 | D:5      | Entered Level 5 of the Dungeon
  4113 | D:5      | 4113 ||| DRINKING 4 potions of curing.
  4113 | D:5      | 4113 ||| (to cure confusion)
  4187 | D:5      | Reached skill level 7 in Axes
  4187 | D:5      | Noticed Prince Ribbit
  4228 | D:5      | Killed Prince Ribbit
  4229 | D:5      | Reached XP level 8. HP: 51/51 MP: 8/8
  4252 | D:5      | Reached skill level 1 in Throwing
  4301 | D:5      | Found a bloodstained altar of Trog.
  4319 | D:5      | Reached skill level 8 in Axes
  4371 | D:5      | Noticed Blork the orc
  4372 | D:5      | 4372 ||| Stepping ~*~*~tactically~*~*~ (hiding).
  4378 | D:5      | Killed Blork the orc
  4397 | D:5      | Reached skill level 6 in Fighting
  4444 | D:5      | Found an ornate altar of the Wu Jian Council.
  4550 | D:5      | Noticed Pikel
  4551 | D:5      | 4551 ||| Stepping ~*~*~tactically~*~*~ (stealth).
  4584 | D:5      | Killed Pikel
  4585 | D:5      | Reached skill level 9 in Axes
  4585 | D:5      | Reached XP level 9. HP: 29/55 MP: 9/9
  4819 | D:5      | Found a shimmering altar of Xom.
  4933 | D:5      | Found a burning altar of Makhleb.
  5012 | D:5      | 5012 ||| READING 3 scrolls of identify.
  5012 | D:5      | 5012 ||| IDENTIFYING bubbling silvery potion
  5328 | D:6      | Found a stormy altar of Qazlal.
  5360 | D:6      | Reached skill level 10 in Axes
  5701 | D:6      | 5701 ||| Stepping ~*~*~tactically~*~*~ (hiding).
  5860 | D:6      | Noticed Menkaure
  5865 | D:6      | Killed Menkaure
  5866 | D:6      | Reached XP level 10. HP: 56/64 MP: 10/10
  5930 | D:6      | 5930 ||| DROPPING orb of guile.
  5931 | D:6      | 5931 ||| UPGRADING to +0 plate armour.
  5941 | D:6      | 5941 ||| DROPPING +0 chain mail.
  5942 | D:6      | 5942 ||| UPGRADING to +4 ring of protection.
  5944 | D:6      | 5944 ||| DROPPING +6 ring of strength.
  5945 | D:6      | 5945 ||| READING scroll labelled BOGIRU MONITH.
  5957 | D:6      | 5957 ||| DRINKING 2 orange potions.
  5958 | D:6      | 5958 ||| READING 4 scrolls of identify.
  5958 | D:6      | 5958 ||| IDENTIFYING dark potion
  5959 | D:6      | 5959 ||| DROPPING potion of brilliance.
  5999 | D:7      | Found Qurupnue's Antique Weapon Emporium.
  6007 | D:7      | 6007 ||| SHOPLISTING glowing demon whip (468 gold, have
                  | 240).
  6088 | D:7      | Reached skill level 6 in Armour
  6483 | D:7      | 6483 ||| Stepping ~*~*~tactically~*~*~ (hiding).
  6693 | D:7      | 6693 ||| UPGRADING to amulet of faith.
  6703 | D:7      | 6703 ||| READING scroll labelled RANUTUI ECILUE.
  6704 | D:7      | 6704 ||| DRINKING 2 emerald potions.
  6705 | D:7      | 6705 ||| READING 3 scrolls of identify.
  6705 | D:7      | 6705 ||| IDENTIFYING smoky green potion
  6706 | D:7      | 6706 ||| DROPPING potion of berserk rage.
  6707 | D:7      | 6707 ||| DROPPING potion of magic.
  6733 | D:8      | Noticed Joseph
  6734 | D:8      | 6734 ||| Stepping ~*~*~tactically~*~*~ (hiding).
  6751 | D:8      | Killed Joseph
  6908 | D:8      | Found a staircase to the Lair.
  7007 | D:8      | 7007 ||| Stepping ~*~*~tactically~*~*~ (stealth).
  7009 | D:8      | 7009 ||| Stepping ~*~*~tactically~*~*~ (stealth).
  7065 | D:8      | Noticed Psyche
  7069 | D:8      | 7069 ||| DRINKING potion of cancellation.
  7076 | D:8      | Killed Psyche
  7425 | D:8      | Noticed Maggie
  7426 | D:8      | 7426 ||| Stepping ~*~*~tactically~*~*~ (hiding).
  7444 | D:8      | Killed Maggie
  7445 | D:8      | Reached skill level 11 in Axes
  7545 | D:8      | Found a hide-covered altar of Uskayaw.
  7546 | D:8      | Found a shadowy altar of Dithmenos.
  7801 | D:8      | 7801 ||| UPGRADING to +0 pair of gloves.
  7806 | D:8      | 7806 ||| READING scroll labelled PYTSUN AN VIN.
  7807 | D:8      | 7807 ||| READING scroll labelled YGIFOCL ZANUTZ.
  7847 | D:9      | Reached XP level 11. HP: 65/69 MP: 11/11
  8091 | D:9      | Reached skill level 9 in Fighting
  8215 | D:9      | 8215 ||| Stepping ~*~*~tactically~*~*~ (hiding).
  8217 | D:9      | 8217 ||| Stepping ~*~*~tactically~*~*~ (hiding).
  8234 | D:9      | 8234 ||| Stepping ~*~*~tactically~*~*~ (stealth).
  8235 | D:9      | 8235 ||| Stepping ~*~*~tactically~*~*~ (stealth).
  8236 | D:9      | 8236 ||| Stepping ~*~*~tactically~*~*~ (stealth).
  8244 | D:9      | 8244 ||| Stepping ~*~*~tactically~*~*~ (stealth).
  8246 | D:9      | 8246 ||| Stepping ~*~*~tactically~*~*~ (hiding).
  8316 | D:9      | 8316 ||| Stepping ~*~*~tactically~*~*~ (stealth).
  8317 | D:9      | 8317 ||| Stepping ~*~*~tactically~*~*~ (stealth).
  8366 | D:9      | 8366 ||| Stepping ~*~*~tactically~*~*~ (hiding).
  8368 | D:9      | 8368 ||| Stepping ~*~*~tactically~*~*~ (hiding).
  8369 | D:9      | 8369 ||| Stepping ~*~*~tactically~*~*~ (hiding).
  8370 | D:9      | 8370 ||| Stepping ~*~*~tactically~*~*~ (hiding).
  8432 | D:9      | Found an iron altar of Okawaru.
  8433 | D:9      | 8433 ||| PLANNING OKAWARU WORSHIP
  8438 | D:9      | Became a worshipper of Warmaster Okawaru
  8438 | D:9      | 8438 ||| PLANNING D:1-11
  8543 | D:9      | 8543 ||| Stepping ~*~*~tactically~*~*~ (stealth).
  8545 | D:9      | 8545 ||| Stepping ~*~*~tactically~*~*~ (stealth).
  8880 | D:9      | 8880 ||| PLANNING LAIR
  8916 | Lair:1   | Entered Level 1 of the Lair of Beasts
  8943 | Lair:1   | 8943 ||| Stepping ~*~*~tactically~*~*~ (stealth).
  8974 | Lair:1   | Reached * piety under Okawaru
  9200 | Lair:1   | Reached skill level 1 in Invocations
  9202 | Lair:1   | Reached skill level 12 in Axes
  9311 | Lair:1   | 9311 ||| INVOKING Heroism.
  9350 | Lair:1   | 9350 ||| Stepping ~*~*~tactically~*~*~ (hiding).
  9361 | Lair:1   | Reached skill level 3 in Invocations
  9391 | Lair:1   | Reached ** piety under Okawaru
  9576 | Lair:1   | Found the +4 skin of Zhor {*Englaciate rC+++ SInv}
  9611 | Lair:1   | 9611 ||| INVOKING Heroism.
  9619 | Lair:1   | Reached skill level 9 in Armour
  9892 | Lair:1   | 9892 ||| DROPPING +6 ring of intelligence.
  9912 | Lair:2   | Found a staircase to the Snake Pit.
  9916 | Lair:2   | Noticed a bog body
  9923 | Lair:2   | Killed a bog body
  9923 | Lair:2   | Reached *** piety under Okawaru
  9924 | Lair:2   | Reached skill level 6 in Shields
  9990 | Lair:2   | 9990 ||| Stepping ~*~*~tactically~*~*~ (hiding).
  9991 | Lair:2   | 9991 ||| INVOKING Heroism.
 10010 | Lair:2   | Found a staircase to the Swamp.
 10010 | Lair:2   | Noticed a bog body
 10011 | Lair:2   | 10011 ||| Stepping ~*~*~tactically~*~*~ (hiding).
 10018 | Lair:2   | Killed a bog body
 10120 | Lair:2   | 10120 ||| INVOKING Heroism.
 10210 | Lair:2   | 10210 ||| Stepping ~*~*~tactically~*~*~ (stealth).
 10211 | Lair:2   | 10211 ||| Stepping ~*~*~tactically~*~*~ (stealth).
 10213 | Lair:2   | 10213 ||| INVOKING Heroism.
 10403 | Lair:2   | 10403 ||| FLEEEEING.
 10404 | Lair:2   | 10404 ||| FLEEEEING.
 10405 | Lair:2   | 10405 ||| FLEEEEING.
 10406 | Lair:2   | 10406 ||| FLEEEEING.
 10418 | Lair:2   | Reached XP level 12. HP: 69/77 MP: 15/15
 10498 | Lair:2   | 10498 ||| INVOKING Heroism.
 10547 | Lair:2   | 10547 ||| INVOKING Heroism.
 10569 | Lair:2   | 10569 ||| INVOKING Heroism.
 10604 | Lair:2   | Reached **** piety under Okawaru
 10619 | Lair:2   | 10619 ||| INVOKING Heroism.
 10905 | Lair:2   | 10905 ||| DROPPING amulet of magic regeneration.
 10906 | Lair:2   | 10906 ||| READING scroll labelled VAENEP IMPIUXOE.
 10907 | Lair:2   | 10907 ||| READING scroll labelled ECSETI BYTALU.
 10908 | Lair:2   | 10908 ||| DRINKING 2 glowing coppery potions.
 10909 | Lair:2   | 10909 ||| READING 3 scrolls of identify.
 10909 | Lair:2   | 10909 ||| IDENTIFYING smoky dark potion
 10910 | Lair:2   | 10910 ||| DROPPING potion of invisibility.
 10955 | Lair:3   | 10955 ||| INVOKING Heroism.
 10962 | Lair:3   | Reached skill level 13 in Axes
 11060 | Lair:3   | Noticed a skyshark
 11073 | Lair:3   | Killed a skyshark
 11175 | Lair:3   | Found a dark tunnel.
 11240 | Lair:3   | 11240 ||| INVOKING Heroism.
 11334 | Lair:3   | 11334 ||| INVOKING Heroism.
 11461 | Lair:3   | 11461 ||| INVOKING Heroism.
 11876 | Lair:3   | 11876 ||| INVOKING Heroism.
 12112 | Lair:4   | Reached skill level 6 in Invocations
 12123 | Lair:4   | 12123 ||| INVOKING Heroism.
 12434 | Lair:4   | Noticed a death yak
 12434 | Lair:4   | Noticed a death yak
 12434 | Lair:4   | Noticed a death yak
 12434 | Lair:4   | Noticed a death yak
 12435 | Lair:4   | 12435 ||| INVOKING Heroism.
 12436 | Lair:4   | Noticed a death yak
 12439 | Lair:4   | Noticed a death yak
 12451 | Lair:4   | Killed a death yak
 12451 | Lair:4   | Received a gift from Okawaru
 12453 | Lair:4   | Killed a death yak
 12454 | Lair:4   | Reached XP level 13. HP: 29/82 MP: 18/18
 12456 | Lair:4   | HP: 10/82 [death yak (17)]
 12456 | Lair:4   | Slain by a death yak

Levels and vault maps discovered:
D:1:      noname_arrival_rooms_in_the_neighbourhood, layout_basic, st_stairs_11,
          minmay_pentomino_r4
D:2:      layout_basic
D:3:      layout_loops_ring, portal_sewer_entry_d, serial_shops,
          nicolae_square_shop, supply_closet_lemuel, uniq_ijyb, uniq_sigmund
D:4:      layout_cave_pools, minmay_temple_entry_mist,
          gammafunk_ghost_nasty_kobolds, nicolae_wooded_promenade,
          uniq_crazy_yiuf_cottage
D:5:      layout_rooms, grunt_temple_overflow_champion_of_chaos,
          pdpol_wu_jian_five_deadly_venoms, kennysheep_diamond,
          nicolae_zen_rock_garden, uniq_blork_the_orc, uniq_prince_ribbit1,
          uniq_pikel
D:6:      layout_basic, nicolae_qazlal_scattered_showers, uniq_menkaure
D:7:      layout_loops_ring, serial_shops, nicolae_shop_advertising_works
          [nicolae_subvault_shop_adworks]
D:8:      layout_basic, amethyst_overflow_temple_binary, lair_entry_dummy,
          hex_intersection, uniq_psyche, uniq_joseph, uniq_maggie
D:9:      layout_gridville, okawaru_trees_1
Temple:   compressed_dpeg_circular_temple
Lair:1:   layout_regular_city, serial_forest, infiniplex_forest_straight_2,
          infiniplex_forest_end_double, infiniplex_forest_clump_tiny,
          infiniplex_forest_clump_small, infiniplex_forest_zigzag_1,
          hellmonk_guarded_unrand_zhor, grunt_megastairs_4
Lair:2:   beast_lair_carwin_large_1, layout_misc_corridors,
          nicolae_swamp_entry_splash_gauntlet
Lair:3:   layout_regular_city, enter_volcano_2, lemuel_fruit_tree
Lair:4:   layout_roguey, serial_bayou_crossing, infiniplex_staircase_pool_2

Skill      XL: |  1  2  3  4  5  6  7  8  9 10 11 12 |
---------------+-------------------------------------+-----
Axes           | 2 3 5 6 7 9 10 11 12 13 | 13.9
Fighting       | 4 5 6 8 10 | 10.1
Dodging        | 1 2 |  2.0
Throwing       | 1 2 |  2.0
Armour         | 4 5 8 9 10 | 10.0
Shields        | 4 5 6 |  6.3
Invocations    | 4 7 |  7.7

Action                     |  1- 3 |  4- 6 |  7- 9 | 10-12 | 13-15 || total
---------------------------+-------+-------+-------+-------+-------++-------
  Melee: War axe           |   113 |   120 |       |       |       ||   233
         Broad axe         |       |     8 |   300 |   612 |     3 ||   923
  Throw: Boomerang         |    22 |    83 |    89 |    48 |       ||   242
 Invoke: Heroism           |       |       |       |    16 |       ||    16
    Use: Scroll            |     2 |     2 |     3 |     9 |       ||    16
         Potion            |       |       |     4 |     4 |       ||     8
 Armour: Scale mail        |    62 |       |       |       |       ||    62
         Chain mail        |       |    78 |   278 |       |       ||   356
         Plate armour      |       |       |       |   451 |     4 ||   455
  Dodge: Dodged            |    59 |    58 |   212 |   208 |     1 ||   538
  Block: Buckler           |    21 |    18 |    83 |   122 |     1 ||   245

Table legend:
 A = Non-vault XP
 B = Vault XP
 C = Vault XP percentage of total XP
 D = Non-vault monster count
 E = Vault monster count
 F = Vault count percentage of total count
                 A         B        C        D         E       F
            +---------+---------+-------+---------+---------+-------
      Total |   22883 |    9266 |  28.8 |     255 |      75 |  22.7
            +---------+---------+-------+---------+---------+-------
        D:1 |      34 |      12 |  26.1 |      24 |       7 |  22.6
        D:2 |      37 |       0 |   0.0 |      15 |       0 |   0.0
        D:3 |      60 |     263 |  81.4 |      25 |       3 |  10.7
        D:4 |      17 |       0 |   0.0 |       8 |       0 |   0.0
        D:5 |    1164 |    1257 |  51.9 |      23 |       7 |  23.3
        D:6 |    1418 |     172 |  10.8 |      32 |       1 |   3.0
        D:7 |     814 |       0 |   0.0 |      22 |       0 |   0.0
        D:8 |    1795 |    1221 |  40.5 |      24 |       3 |  11.1
        D:9 |    1785 |       0 |   0.0 |      22 |       0 |   0.0
     Lair:1 |    2537 |    2497 |  49.6 |       7 |      12 |  63.2
     Lair:2 |    2577 |    3577 |  58.1 |      14 |      14 |  50.0
     Lair:3 |    5080 |       0 |   0.0 |      21 |       0 |   0.0
     Lair:4 |    5565 |       0 |   0.0 |      18 |       0 |   0.0
      Sewer |       0 |     267 | 100.0 |       0 |      28 | 100.0
            +---------+---------+-------+---------+---------+-------
